 Dungeon Crawl Stone Soup version 0.28-a0-60-g54b5640690 (webtiles) character file.

Game seed: 9697877784721632541

7 skittles the Ruffian (level 1, 0/16 HPs)
             Began as a Draconian Transmuter on July 30, 2021.
             Slain by a kobold (1 damage)
             ... on level 1 of the Dungeon.
             The game lasted 00:01:27 (147 turns).

skittles the Ruffian (Draconian Transmuter)          Turns: 147, Time: 00:01:28

Health: 0/16       AC:  4    Str: 12    XL:     1   Next: 83%
Magic:  3/3        EV: 12    Int: 13    God:
Gold:   0          SH:  0    Dex: 11    Spells: 3/4 levels left

rFire   . . .      SeeInvis .     - Unarmed
rCold   . . .      Faith    .   (no shield)
rNeg    . . .      Spirit   .   (armour unavailable)
rPois   .          Reflect  .   (helmet restricted)
rElec   .          Harm     .   (no cloak)
rCorr   .          Rampage  .   (no gloves)
Will    .....                   (no boots)
Stlth   +.........              (no amulet)
HPRegen 0.05/turn               (no ring)
MPRegen 0.08/turn               (no ring)

@: no status effects
A: AC +4, unfitting armour, cold-blooded
a: no special abilities


You were on level 1 of the Dungeon.
You visited 1 branch of the dungeon, and saw 1 of its levels.

Inventory:

Scrolls
 a - a scroll of immolation {unknown}
 c - a scroll of summoning {unknown}
Potions
 b - a potion of haste {unknown}


   Skills:
 - Level 1.1 Fighting
 - Level 1.7 Dodging
 * Level 3.2 Unarmed Combat
 - Level 2.0 Spellcasting
 * Level 2.3 Transmutations


You had 3 spell levels left.
You knew the following spells:

 Your Spells              Type           Power      Damage    Failure   Level
a - Beastly Appendage     Tmut           14%        N/A       10%         1

Your spell library contained the following spells:

 Spells                   Type           Power      Damage    Failure   Level
 Wereblood                Tmut           7%         N/A       14%         2
 Spider Form              Tmut/Pois      2%         N/A       43%         3
 Ice Form                 Ice/Tmut       4%         N/A       83%         4


Dungeon Overview and Level Annotations

Branches:
Dungeon (1/15)

Altars:


Innate Abilities, Weirdness & Mutations

Your plain brown scales are hard. (AC +4)
You cannot fit into any form of body armour.
You are cold-blooded and may be slowed by cold attacks.


Message History

Your tail-slap misses the jackal.
The jackal bites you. The kobold closely misses you.
The jackal barely misses you.
You closely miss the jackal. Your headbutt misses the jackal.
The kobold hits you but does no damage. The jackal barely misses you.
You hit the jackal. Your headbutt misses the jackal.
Your tail-slap misses the jackal.
The jackal is severely wounded.
The jackal bites you but does no damage.
The kobold hits you but does no damage.
You hit the jackal.
You kill the jackal!
Your horns disappear.
Your talons disappear.
The kobold hits you with a +0 dagger. The jackal barely misses you.
You closely miss the jackal. The kobold hits you with a +0 dagger.
The jackal bites you but does no damage.
You hit the jackal.
The jackal is heavily wounded.
The jackal barely misses you. The kobold misses you.
You hit the jackal.
You kill the jackal!
The kobold hits you but does no damage.
You hit the quokka but do no damage.
Your tail-slap misses the quokka.
The quokka bites you. The kobold barely misses you.
You barely miss the quokka.
You tail-slap the quokka, but do no damage.
The quokka bites you.
* * * LOW HITPOINT WARNING * * *
The kobold hits you but does no damage.
You barely miss the quokka. You tail-slap the quokka.
The quokka is lightly wounded.
The quokka barely misses you. The kobold hits you but does no damage.
You barely miss the quokka.
The quokka is lightly wounded.
The quokka bites you.
* * * LOW HITPOINT WARNING * * *
The kobold hits you but does no damage.
You miss the quokka.
The quokka is lightly wounded.
The quokka barely misses you. The kobold hits you with a +0 dagger.
You die...

#... ###..# ..#..#
######>#..#
.....#.#..####
.......#.....#######
.......#.###........
......K#...#........
.....hr@...#(.......
......##.#.#†#######
..$.. ..#.#.# .#.#
#..#.#.# # ...# #.#
###.# #.# ... #.#
#####.#
.######....####


You could see a quokka, a jackal and a kobold.

Vanquished Creatures
  2 bats (D:1)
  3 jackals (D:1)
  A frilled lizard (D:1)
6 creatures vanquished.

Notes
Turn   | Place    | Note
-------+----------+-------------------------------------------
     0 | D:1      | skittles the Draconian Transmuter began the quest for the
                  | Orb.
     0 | D:1      | Reached XP level 1. HP: 16/16 MP: 3/3
   147 | D:1      | Slain by a kobold

Illustrated notes

Levels and vault maps discovered:
D:1:      lightli_arrival_isolated_outpost, layout_basic, serial_shops, shop,
          shapermc_ecumenical_altar_mp_highgroup, nrook_loot_triangle

Action                   || total
-------------------------++-------
Melee: Unarmed           ||    24
       Tailslap          ||     3
       Headbutt          ||     2
 Cast: Beastly Appendage ||     2
Armor: Skin              ||    14
Dodge: Dodged            ||    22

Table legend: (Time is in decaauts)
 A = Elapsed time spent in this place.
 B = Non-inter-level travel time spent in this place.
 C = Inter-level travel time spent in this place.
 D = Time resting spent in this place.
 E = Time spent auto-exploring this place.
 F = Levels seen in this place.
 G = Mean time per level.
                   A        B        C        D        E       F      G
               +--------+--------+--------+--------+--------+-----+--------+
         Total |    147 |    147 |      0 |      0 |     71 |   1 |  147.0 |
       Dungeon |    147 |    147 |      0 |      0 |     71 |   1 |  147.0 |
               +--------+--------+--------+--------+--------+-----+--------+

Top non-repeatable levels by time:
     D:1: 147 daAuts
